 Dungeon Sprint DCSS version 0.26-a0-1147-g3780a7a11b (webtiles) character file.

Game seed: 16345534596599075114

2424 rocky1 the Earth Mage (level 9, -3/69 HPs)
             Began as a Formicid Earth Elementalist on Dec 23, 2020.
             Was the Champion of Cheibriados.
             Slain by an alligator snapping turtle (43 damage)
             ... in the Dungeon (Sprint VII: "The Pits").
             The game lasted 00:08:04 (1472 turns).

rocky1 the Earth Mage (Formicid Earth Elementalist) Turns: 1472, Time: 00:08:04

Health: -3/69      AC:  8    Str: 29    XL:     9   Next: 76%
Magic:  1/22       EV: 17    Int: 32    God:    Cheibriados [******]
Gold:   0          SH:  0    Dex: 29    Spells: 14/27 levels left

rFire    . . .     SeeInvis +   k - +1 scimitar (flame)
rCold    . . .     Faith    .   (no shield)
rNeg     . . .     Spirit   .   c - +0 robe
rPois    .         Reflect  .   (helmet unavailable)
rElec    .         Harm     .   s - +0 cloak
rCorr    .         Rampage  .   (no gloves)
Will     .....                  r - +0 pair of boots
Stlth    +++.......             (no amulet)
HPRegen  0.21/turn              l - +3 ring of protection
MPRegen  0.18/turn              o - +3 ring of dexterity

@: very slightly contaminated, invisible, very slow
A: permanent stasis, dig shafts and tunnels, four strong arms, antennae 3
a: Dig, Renounce Religion, Bend Time, Temporal Distortion, Slouch, Step From
Time


You were in the Dungeon.
You worshipped Cheibriados.
Cheibriados was exalted by your worship.
You visited 1 branch

Inventory:

Hand Weapons
 j - a +1 flail of protection
 k - a +1 scimitar of flaming (weapon)
 t - a +2 vorpal morningstar
 u - a +2 scimitar of holy wrath
 v - a +2 war axe of freezing
Missiles
 b - 26 stones (quivered)
Armour
 c - a +0 robe (worn)
 r - a +0 pair of boots (worn)
 s - a +0 cloak (worn)
Jewellery
 l - a +3 ring of protection (left hand)
 o - a +3 ring of dexterity (right hand)
Scrolls
 g - 3 scrolls of remove curse
 h - 5 scrolls of amnesia
 i - a scroll of summoning
Potions
 a - a potion of invisibility
 d - 7 potions of curing
 e - 9 potions of heal wounds
 f - 2 potions of magic
 p - a potion of might
 q - a potion of brilliance


   Skills:
 + Level 6.0 Fighting
 + Level 2.6 Long Blades
 + Level 5.9 Armour
 + Level 5.3 Dodging
 - Level 2.4 Stealth
 + Level 9.7 Spellcasting
 - Level 1.1 Transmutations
 + Level 15.4 Earth Magic
 + Level 11.0 Invocations


You had 14 spell levels left.
You knew the following spells:

 Your Spells              Type           Power        Failure   Level
a - Sandblast             Erth           100%         0%          1
b - Stone Arrow           Conj/Erth      100%         1%          3
c - Lee's Rapid Deconstr  Erth           42%          1%          5
d - Petrify               Tmut/Erth      62%          1%          4

Your spell library contained the following spells:

 Spells                   Type           Power        Failure   Level
 Passwall                 Tmut/Erth      51%          1%          2


Dungeon Overview and Level Annotations

Branches:
Dungeon (1/1)

Altars:
Ashenzari
Cheibriados
Dithmenos
Elyvilon
Fedhas
Gozag
Hepliaklqana
Kikubaaqudgha
Makhleb
Nemelex Xobeh
Okawaru
Qazlal
Ru
Sif Muna
Trog
Uskayaw
Vehumet
Wu Jian
Xom
Yredelemnul
Zin
The Shining One
Beogh
Jiyva
Lugonu


Innate Abilities, Weirdness & Mutations

You cannot be hasted, slowed, berserked, paralysed or teleported.
You can dig through walls and to a lower floor.
Your four strong arms can wield two-handed weapons with a shield.
You have a pair of large antennae on your head. (SInv)


Message History

The blast of metal fragments hits the alligator snapping turtle!!!
The alligator snapping turtle is almost dead.
The alligator snapping turtle misses you.
You catch the helpless alligator snapping turtle completely off-guard!
You slash the alligator snapping turtle!
You burn the alligator snapping turtle.
The alligator snapping turtle is almost dead.
The alligator snapping turtle barely misses you.
You riposte.
You catch the helpless alligator snapping turtle completely off-guard!
You hit the alligator snapping turtle but do no damage.
The alligator snapping turtle is almost dead.
You hit the alligator snapping turtle but do no damage.
The alligator snapping turtle is almost dead.
The alligator snapping turtle bites you!!
You hit the alligator snapping turtle but do no damage.
The alligator snapping turtle is almost dead.
The alligator snapping turtle bites you!!!
Ouch! That really hurt!
You die...

{ #++##########
#.....t......
#....@..)....
{{
#..##########
{{ #..# {{ #..#
### {{ #..# ..#
#..# ..# #..#
..# #..# {
..##########..#


You could see an alligator snapping turtle.

Vanquished Creatures
  Erica (D)
  An orange demon (D)
  A molten gargoyle (D)
  A demonic crawler (D)
  A spriggan (D)
  A warg (D)
  A soldier ant (D)
  A black bear (D)
  An ice beast (D)
  2 centaurs (D)
  A big kobold (D)
  A bullfrog (D)
  A quasit (D)
  An adder (D)
  An ufetubus (D)
  An adder skeleton (D)
  A worm (D)
  A leopard gecko (D)
  A bat skeleton (D)
  A giant cockroach (D)
  2 hobgoblins (D)
  6 jackals (D)
  A kobold (D)
  2 ball pythons (D)
  A bat (D)
  A rat (D)
34 creatures vanquished.

Notes
Turn   | Place    | Note
-------+----------+-------------------------------------------
     0 | D        | rocky1 the Formicid Earth Elementalist began the quest for
                  | the Orb.
     0 | D        | Reached XP level 1. HP: 13/13 MP: 3/3
    17 | D        | Reached skill level 4 in Earth Magic
    50 | D        | Found a bloodstained altar of Trog.
    50 | D        | Found a shimmering blue altar of Sif Muna.
    50 | D        | Found a viscous altar of Jiyva.
    50 | D        | Found a hazy altar of Hepliaklqana.
    50 | D        | Found an opulent altar of Gozag.
    51 | D        | Found a glowing golden altar of the Shining One.
    51 | D        | Found a glowing silver altar of Zin.
    51 | D        | Found a basalt altar of Yredelemnul.
    51 | D        | Found a shimmering altar of Xom.
    51 | D        | Found an ornate altar of the Wu Jian Council.
    51 | D        | Found a sacrificial altar of Ru.
    51 | D        | Found a stormy altar of Qazlal.
    51 | D        | Found an iron altar of Okawaru.
    51 | D        | Found a sparkling altar of Nemelex Xobeh.
    51 | D        | Found a burning altar of Makhleb.
    51 | D        | Found a blossoming altar of Fedhas.
    51 | D        | Found a white marble altar of Elyvilon.
    51 | D        | Found a shadowy altar of Dithmenos.
    51 | D        | Found a snail-covered altar of Cheibriados.
    53 | D        | Found a radiant altar of Vehumet.
    53 | D        | Found a corrupted altar of Lugonu.
    53 | D        | Found a roughly hewn altar of Beogh.
    54 | D        | Found a hide-covered altar of Uskayaw.
    54 | D        | Found an ancient bone altar of Kikubaaqudgha.
    54 | D        | Found a broken altar of Ashenzari.
    62 | D        | Became a worshipper of Cheibriados the Contemplative
    92 | D        | Reached * piety under Cheibriados
    93 | D        | Reached skill level 5 in Earth Magic
   298 | D        | Reached XP level 2. HP: 13/19 MP: 0/5
   302 | D        | Reached ** piety under Cheibriados
   303 | D        | Reached skill level 6 in Earth Magic
   440 | D        | Reached *** piety under Cheibriados
   441 | D        | Reached skill level 7 in Earth Magic
   441 | D        | Reached XP level 3. HP: 24/24 MP: 3/6
   655 | D        | Learned a level 3 spell: Stone Arrow
   668 | D        | Noticed a big kobold
   672 | D        | Reached **** piety under Cheibriados
   674 | D        | Reached skill level 8 in Earth Magic
   674 | D        | Reached skill level 1 in Invocations
   674 | D        | Reached ***** piety under Cheibriados
   679 | D        | Noticed a warg
   681 | D        | Killed a big kobold
   682 | D        | Reached skill level 9 in Earth Magic
   682 | D        | Reached XP level 4. HP: 29/30 MP: 1/10
   682 | D        | Reached XP level 5. HP: 34/35 MP: 1/11
   689 | D        | Killed a warg
   689 | D        | Reached ****** piety under Cheibriados
   690 | D        | Reached skill level 5 in Spellcasting
   690 | D        | Reached skill level 11 in Earth Magic
   690 | D        | Reached XP level 6. HP: 28/41 MP: 0/14
   792 | D        | Learned a level 5 spell: Lee's Rapid Deconstruction
   797 | D        | Learned a level 4 spell: Petrify
   817 | D        | Noticed an orange demon
   821 | D        | Killed an orange demon
   822 | D        | Reached skill level 13 in Earth Magic
   822 | D        | Reached XP level 7. HP: 22/46 MP: 9/17
  1095 | D        | Reached skill level 14 in Earth Magic
  1095 | D        | Reached XP level 8. HP: 52/52 MP: 13/20
  1135 | D        | Noticed a molten gargoyle
  1135 | D        | Noticed Erica
  1141 | D        | Reached skill level 1 in Fighting
  1141 | D        | Reached skill level 1 in Armour
  1141 | D        | Killed Erica
  1142 | D        | Reached skill level 10 in Invocations
  1142 | D        | Reached XP level 9. HP: 63/66 MP: 10/22
  1142 | D        | Killed a molten gargoyle
  1143 | D        | Reached skill level 5 in Fighting
  1143 | D        | Reached skill level 15 in Earth Magic
  1293 | D        | Reached skill level 5 in Armour
  1296 | D        | Noticed a demonic crawler
  1299 | D        | Killed a demonic crawler
  1300 | D        | Reached skill level 1 in Long Blades
  1309 | D        | Reached skill level 5 in Dodging
  1455 | D        | Noticed an alligator snapping turtle
  1472 | D        | Slain by an alligator snapping turtle

Illustrated notes

Levels and vault maps discovered:
D:        pitsprint [storerooms_1, entrance_room_1, metal_vault_6, armoury_3,
          mini_pit_1, grid_room_1, main_hall_1, silver_pit, the_coven_1,
          the_vestibule_1, steel_vault_4, golden_pit, hallway_of_sentries,
          crystal_vault_2, iron_vault_4, final_vault]

Skill      XL: |  1  2  3  4  5  6  7  8  9 |
---------------+----------------------------+-----
Earth Magic    | 5 7 9 11 13 14 15 | 15.4
Invocations    | 3 6 8 9 10 11 | 11.0
Spellcasting   | 4 5 7 8 9 |  9.7
Fighting       | 4 6 |  6.0
Armour         | 4 5 |  5.9
Dodging        | 3 5 |  5.3
Long Blades    | 2 |  2.6
Stealth        | |  2.4
Transmutations | |  1.1

Action                   |  1- 3 |  4- 6 |  7- 9 || total
-------------------------+-------+-------+-------++-------
Melee: Quarterstaff      |    17 |       |       ||    17
       Unarmed           |     3 |       |       ||     3
       Flail             |     4 |     8 |       ||    12
       Scimitar          |       |       |     5 ||     5
 Cast: Sandblast         |    14 |     2 |       ||    16
       Lee's Rapid Decon |       |     3 |    17 ||    20
  Use: Potion            |       |     2 |     5 ||     7
 Stab: Sleeping          |     2 |     1 |       ||     3
       Invisible         |       |       |     4 ||     4
Armor: Robe              |     6 |     1 |       ||     7
Dodge: Dodged            |    21 |     5 |     9 ||    35
       Rpst.: Scimitar   |       |       |     3 ||     3

Table legend: (Time is in decaauts)
 A = Elapsed time spent in this place.
 B = Non-inter-level travel time spent in this place.
 C = Inter-level travel time spent in this place.
 D = Time resting spent in this place.
 E = Time spent auto-exploring this place.
 F = Levels seen in this place.
 G = Mean time per level.
                   A        B        C        D        E       F      G
               +--------+--------+--------+--------+--------+-----+--------+
         Total |   1705 |   1705 |      0 |    986 |      0 |   1 | 1705.0 |
       Dungeon |   1705 |   1705 |      0 |    986 |      0 |   1 | 1705.0 |
               +--------+--------+--------+--------+--------+-----+--------+

Top non-repeatable levels by time:
       D: 1705 daAuts
